[ AOE2 MATCH · #508104445 ]
UnrankedTeutons vs Sicilians
Player's team · LOSS
[ REPLAY ANALYSIS · EXTRACTED FROM THE RECORDED GAME ]
Feudal
8:50
Castle
—
Imperial
—
| APM avg | 36.4 |
| APM peak | 71 |
| eAPM avg | 16.8 |
| Villagers / military | 39 / 0 |
Focus
⚔️ 31.4% · 🌾 68.6%
Feudal
9:32
Castle
—
Imperial
—
| APM avg | 69.4 |
| APM peak | 121 |
| eAPM avg | 35.8 |
| Villagers / military | 41 / 10 |
Focus
⚔️ 28.1% · 🌾 71.9%
Serjeant ×10
Match map
Initial resources + every placement click. Lines = walls · curves = elevation contours. ◆ gold · ⬟ stone · ● berries · ✦ relic · ◌ wall gap
Your base· ✓ Closed at 12:00 · 10t walls · 3 gate(s)
Im_16Years_Old_IamCaPte's base· ✓ Closed at 12:00 · 15t walls · 4 gate(s)
Smoothed initial terrain · ◌ = detected wall gap · hover for details
Inputs per minute
— IWUDJA - - Im_16Years_Old_IamCaPte
Build order — IWUDJA
80 actions detected in the replay
| 0:00 | Create | Villager (Male) |
| 0:00 | Create | Villager (Male) |
| 0:01 | Create | Villager (Male) |
| 0:02 | Build | House |
| 0:02 | Build | House |
| 0:15 | Create | Villager (Male) |
| 0:15 | Create | Villager (Male) |
| 1:26 | Create | Villager (Male) |
| 1:26 | Create | Villager (Male) |
| 1:53 | Build | Lumber Camp |
| 2:00 | Create | Villager (Male) |
| 2:00 | Create | Villager (Male) |
| 2:22 | Create | Villager (Male) |
| 2:22 | Create | Villager (Male) |
| 2:44 | Create | Villager (Male) |
| 2:44 | Create | Villager (Male) |
| 3:16 | Create | Villager (Male) |
| 3:16 | Create | Villager (Male) |
| 3:17 | Create | Villager (Male) |
| 3:25 | Build | House |
| 3:41 | Create | Villager (Male) |
| 3:41 | Create | Villager (Male) |
| 3:58 | Build | House |
| 4:01 | Create | Villager (Male) |
| 4:02 | Create | Villager (Male) |
| 4:39 | Create | Villager (Male) |
| 4:39 | Create | Villager (Male) |
| 5:02 | Build | Palisade Wall |
| 5:04 | Build | Palisade Wall |
| 5:07 | Build | Palisade Wall |
| 5:09 | Build | Palisade Wall |
| 5:12 | Build | Palisade Wall |
| 5:15 | Build | Palisade Wall |
| 5:24 | Build | Mill |
| 5:40 | Create | Villager (Male) |
| 5:41 | Create | Villager (Male) |
| 5:41 | Create | Villager (Male) |
| 5:53 | Research | Loom |
| 6:36 | Build | House |
| 6:38 | Research | Feudal Age |
| 8:50 | Age | Feudal Age |
| 8:55 | Create | Villager (Male) |
| 9:21 | Build | House |
| 9:23 | Create | Villager (Male) |
| 9:36 | Build | Watch Tower |
| 9:40 | Create | Villager (Male) |
| 9:49 | Build | Mining Camp |
| 10:12 | Create | Villager (Male) |
| 10:20 | Build | House |
| 10:39 | Create | Villager (Male) |
| 10:54 | Build | Blacksmith |
| 10:55 | Build | House |
| 11:02 | Build | House |
| 11:03 | Build | House |
| 11:09 | Create | Villager (Male) |
| 11:26 | Build | Stone Wall |
| 11:43 | Create | Villager (Male) |
| 11:46 | Build | House |
| 11:54 | Create | Villager (Male) |
| 12:13 | Build | Watch Tower |
| 12:21 | Build | Palisade Wall |
| 12:23 | Build | Palisade Wall |
| 12:40 | Create | Villager (Male) |
| 12:41 | Create | Villager (Male) |
| 12:41 | Create | Villager (Male) |
| 14:11 | Build | Watch Tower |
| 14:14 | Build | Palisade Wall |
| 14:17 | Build | Palisade Wall |
| 14:25 | Build | Palisade Wall |
| 14:26 | Build | Palisade Wall |
| 14:33 | Create | Villager (Male) |
| 14:39 | Create | Villager (Male) |
| 14:39 | Create | Villager (Male) |
| 15:11 | Build | Palisade Wall |
| 16:08 | Build | Farm |
| 16:09 | Build | Farm |
| 16:10 | Build | Farm |
| 16:29 | Build | Palisade Wall |
| 16:31 | Build | Palisade Wall |
| 16:33 | Build | Palisade Wall |
Build order — Im_16Years_Old_IamCaPte
84 actions detected in the replay
| 0:00 | Create | Villager (Male) |
| 0:00 | Create | Villager (Male) |
| 0:02 | Build | House |
| 0:03 | Build | House |
| 0:18 | Create | Villager (Male) |
| 0:18 | Create | Villager (Male) |
| 0:18 | Create | Villager (Male) |
| 1:22 | Create | Villager (Male) |
| 1:52 | Create | Villager (Male) |
| 1:52 | Create | Villager (Male) |
| 2:23 | Create | Villager (Male) |
| 2:23 | Create | Villager (Male) |
| 2:23 | Create | Villager (Male) |
| 2:32 | Build | Lumber Camp |
| 3:17 | Create | Villager (Male) |
| 3:18 | Create | Villager (Male) |
| 3:18 | Create | Villager (Male) |
| 3:24 | Build | House |
| 3:42 | Create | Villager (Male) |
| 3:43 | Create | Villager (Male) |
| 4:03 | Create | Villager (Male) |
| 4:03 | Create | Villager (Male) |
| 4:03 | Create | Villager (Male) |
| 4:37 | Create | Villager (Male) |
| 4:39 | Build | Mining Camp |
| 4:52 | Build | House |
| 5:48 | Build | Mill |
| 5:51 | Create | Villager (Male) |
| 6:17 | Create | Villager (Male) |
| 6:35 | Research | Loom |
| 6:45 | Build | Palisade Wall |
| 7:22 | Research | Feudal Age |
| 7:22 | Research | Feudal Age |
| 7:22 | Research | Feudal Age |
| 7:22 | Research | Feudal Age |
| 7:33 | Build | Donjon |
| 7:54 | Build | House |
| 7:55 | Build | House |
| 8:00 | Build | Palisade Wall |
| 9:00 | Build | House |
| 9:00 | Build | House |
| 9:25 | Create | Villager (Male) |
| 9:32 | Age | Feudal Age |
| 9:34 | Build | Mining Camp |
| 9:40 | Build | Palisade Wall |
| 9:41 | Build | Palisade Wall |
| 9:41 | Build | Palisade Wall |
| 9:42 | Create | Villager (Male) |
| 9:48 | Create | Villager (Male) |
| 9:50 | Create | Serjeant |
| 9:50 | Create | Serjeant |
| 9:54 | Create | Serjeant |
| 10:29 | Create | Villager (Male) |
| 10:29 | Create | Villager (Male) |
| 10:29 | Create | Villager (Male) |
| 10:59 | Build | House |
| 11:09 | Create | Villager (Male) |
| 11:23 | Build | Donjon |
| 11:38 | Create | Villager (Male) |
| 11:38 | Create | Villager (Male) |
| 11:39 | Create | Villager (Male) |
| 12:00 | Build | House |
| 12:10 | Create | Serjeant |
| 13:26 | Create | Serjeant |
| 14:41 | Create | Villager (Male) |
| 14:41 | Create | Villager (Male) |
| 14:41 | Create | Villager (Male) |
| 15:28 | Create | Villager (Male) |
| 15:28 | Create | Villager (Male) |
| 15:33 | Create | Villager (Male) |
| 15:33 | Create | Villager (Male) |
| 15:33 | Create | Villager (Male) |
| 15:34 | Create | Villager (Male) |
| 15:40 | Build | Palisade Wall |
| 15:42 | Build | Palisade Wall |
| 15:44 | Build | Palisade Wall |
| 15:49 | Create | Serjeant |
| 15:50 | Create | Serjeant |
| 15:50 | Create | Serjeant |
| 15:50 | Create | Serjeant |
| 16:22 | Build | Farm |
| 16:29 | Build | Mining Camp |
| 16:42 | Create | Serjeant |
| 16:50 | Build | Farm |
Match timeline
| 5:02 | IWUDJA · wall_segment Palisade Wall x1 |
| 5:04 | IWUDJA · wall_segment Palisade Wall x1 |
| 5:07 | IWUDJA · wall_segment Palisade Wall x1 |
| 5:09 | IWUDJA · wall_segment Palisade Wall x1 |
| 5:12 | IWUDJA · wall_segment Palisade Wall x1 |
| 5:15 | IWUDJA · wall_segment Palisade Wall x1 |
| 6:45 | Im_16Years_Old_IamCaPte · wall_segment Palisade Wall x1 |
| 7:33 | Im_16Years_Old_IamCaPte · first_building Donjon |
| 8:00 | Im_16Years_Old_IamCaPte · wall_segment Palisade Wall x11 |
| 8:50 | IWUDJA · age_up feudal |
| 9:32 | Im_16Years_Old_IamCaPte · age_up feudal |
| 9:40 | Im_16Years_Old_IamCaPte · wall_segment Palisade Wall x1 |
| 9:41 | Im_16Years_Old_IamCaPte · wall_segment Palisade Wall x1 |
| 9:41 | Im_16Years_Old_IamCaPte · wall_segment Palisade Wall x1 |
| 11:26 | IWUDJA · wall_segment Stone Wall x4 |
| 12:21 | IWUDJA · wall_segment Palisade Wall x1 |
| 12:23 | IWUDJA · wall_segment Palisade Wall x1 |
| 14:14 | IWUDJA · wall_segment Palisade Wall x1 |
| 14:17 | IWUDJA · wall_segment Palisade Wall x1 |
| 14:25 | IWUDJA · wall_segment Palisade Wall x1 |
| 14:26 | IWUDJA · wall_segment Palisade Wall x1 |
| 15:11 | IWUDJA · wall_segment Palisade Wall x1 |
| 15:40 | Im_16Years_Old_IamCaPte · wall_segment Palisade Wall x1 |
| 15:42 | Im_16Years_Old_IamCaPte · wall_segment Palisade Wall x1 |
| 15:44 | Im_16Years_Old_IamCaPte · wall_segment Palisade Wall x1 |
| 16:29 | IWUDJA · wall_segment Palisade Wall x1 |
| 16:31 | IWUDJA · wall_segment Palisade Wall x1 |
| 16:33 | IWUDJA · wall_segment Palisade Wall x1 |
| 17:01 | IWUDJA · resign |
[ AI ANALYSIS · 1 CREDIT ]
What really happened in this match?
Wolo.gg analyzes every decision: build order, eco, micro, common mistakes by bracket. Personalized analysis on WhatsApp or Discord in 30 seconds.
Civ guide
Teutons
Perfil
Jugador #5566911